 Dungeon Crawl Stone Soup version 0.21-a0-510-g5070ee8 (webtiles) character file.

6279 Hafrunt the Tainter (level 10, -12/83 HPs)
             Began as a Yellow Draconian Venom Mage on Nov 30, 2017.
             Was a Priest of Vehumet.
             Mangled by an ice beast (14 damage)
             ... on level 10 of the Dungeon on Dec 1, 2017.
             The game lasted 01:16:07 (12334 turns).

Hafrunt the Tainter (Yellow Draconian Venom Mage)  Turns: 12334, Time: 01:16:07

Health: -12/83     AC:  9    Str: 11    XL:     10   Next: 63%
Magic:  0/19       EV: 16    Int: 19    God:    Vehumet [***...]
Gold:   440        SH:  0    Dex: 11    Spells: 2/21 levels left

rFire    . . .     SeeInvis +   L - staff of poison
rCold    . . .     Gourm    .   (no shield)
rNeg     . . .     Faith    +   (armour unavailable)
rPois    +         Spirit   .   (helmet restricted)
rElec    .         Reflect  .   (no cloak)
rCorr    +         Harm     .   d - +1 pair of gloves
MR       .....                  (no boots)
Stlth    ++........             o - amulet of faith
HPRegen  0.23/turn              m - ring of see invisible
MPRegen  0.16/turn              x - +2 ring of evasion

@: slowed, very slow
A: spit acid, acid resistance, unfitting armour, cold-blooded, AC +7
a: Breathe Acid, Renounce Religion


You were on level 10 of the Dungeon.
You worshipped Vehumet.
Vehumet was most pleased with you.
You were hungry.

You visited 2 branches of the dungeon, and saw 11 of its levels.

You collected 440 gold pieces.

Inventory:

Hand Weapons
 a - a +0 hand crossbow
 b - a +0 quarterstaff
 t - a cursed +4 morningstar of freezing
 A - a +0 hunting sling
Missiles
 j - 56 sling bullets
 q - 201 stones (quivered)
 z - 43 bolts
Armour
 d - a +1 pair of gloves (worn)
Magical Staves
 L - an uncursed staff of poison (weapon)
Jewellery
 e - a +6 ring of strength
 m - a ring of see invisible (left hand)
 o - an amulet of faith (around neck)
 x - a +2 ring of evasion (right hand)
 I - an uncursed ring of protection from magic
Wands
 l - a wand of paralysis (7)
 u - a wand of acid (12)
 D - a wand of random effects (22)
Scrolls
 c - 3 scrolls of remove curse
 h - 11 scrolls of teleportation
 y - 2 scrolls of blinking
 C - a scroll of fog
 E - a scroll of enchant armour
 K - a scroll of magic mapping {unknown}
Potions
 f - a potion of resistance
 i - 4 potions of heal wounds
 n - a potion of lignification
 r - 3 potions of agility
 v - 2 potions of might
 w - a potion of invisibility
 B - a potion of mutation
 G - 3 potions of curing
 J - a potion of brilliance {unknown}
Books
 p - a Young Poisoner's Handbook

   Spells                             Type                      Level
   a - Sting                          Conjuration/Poison           1
   b - Poisonous Vapours              Poison/Air                   2
   c - Mephitic Cloud                 Conjuration/Poison/Air       3
   d - Olgreb's Toxic Radiance        Poison                       4
   e - Venom Bolt                     Conjuration/Poison           5
Miscellaneous
 F - a sack of spiders
Comestibles
 g - 3 bread rations
 s - 2 meat rations
 H - 10 royal jellies


   Skills:
 + Level 6.2 Fighting
 - Level 3.5 Staves
 + Level 4.5 Dodging
 - Level 1.7 Stealth
 + Level 6.3 Spellcasting
 + Level 6.6 Conjurations
 + Level 3.8 Air Magic
 + Level 8.7 Poison Magic
 + Level 4.5 Evocations


You had 2 spell levels left.
You knew the following spells:

 Your Spells              Type           Power        Failure   Level  Hunger
a - Sting                 Conj/Pois      ####         1%          1    None
b - Shock                 Conj/Air       ####         1%          1    None
c - Mephitic Cloud        Conj/Pois/Air  #####...     1%          3    ##.....
d - Venom Bolt            Conj/Pois      ######....   3%          5    #####..
s - Static Discharge      Conj/Air       ####....     1%          3    ##.....
x - Poisonous Vapours     Pois/Air       #####.       1%          2    None
z - Olgreb's Toxic Radia  Pois           ######..     1%          4    ####...


Dungeon Overview and Level Annotations

Branches:
Dungeon (10/15)            Temple (1/1) D:5            Lair (0/6) D:9
    Orc: D:9-12

Altars:
Ashenzari
Cheibriados
Dithmenos
Elyvilon
Fedhas
Gozag
Hepliaklqana
Kikubaaqudgha
Makhleb
Nemelex Xobeh
Okawaru
Qazlal
Ru
Sif Muna
Trog
Uskayaw
Vehumet
Wu Jian
Xom
Yredelemnul
Zin
The Shining One

Annotations:
D:8 InnerFear's ghost, novice HuFi


Innate Abilities, Weirdness & Mutations

You can spit globs of acid.
You are resistant to acid.
Your golden yellow scales are hard. (AC +7)
You cannot fit into any form of body armour.
You are cold-blooded and may be slowed by cold attacks.


Message History

You hit the ice beast.
Your tail-slap misses the ice beast.
The ice beast is almost dead.
The eye of draining looks more healthy.
The ice beast hits you but does no damage.
You closely miss the ice beast.
The ice beast is almost dead.
The ice beast hits you.
* * * LOW HITPOINT WARNING * * *
The ice beast freezes you!
You feel yourself slow down.
* * * LOW HITPOINT WARNING * * *
You feel much better. The ice beast hits you.
* * * LOW HITPOINT WARNING * * *
The ice beast freezes you!
* * * LOW HITPOINT WARNING * * *
The eye of draining gazes at you.
You feel your power leaking away. The ice beast hits you.
* * * LOW HITPOINT WARNING * * *
The ice beast freezes you!
You die...

..###........##.....#
. .##.....<.##.....#
.................#
#...#.).####.....#
.....).#.# #.....#
##........ #[.)..#
.....#######.....#
..... ........####
..... ####...@# .##.
###.##Y## #)#
#.....G.# #..
#.......# ..#
#.......# ..
#.......# #.
#.......# ##.
#.##.......#
.....#..#..!....#


You could see an eye of draining and an ice beast.

Vanquished Creatures
  Erolcha (D:9)
  A two-headed ogre (D:10)
  Pikel (D:8)
  A hippogriff (D:8)
  A wyvern (D:9)
  A hungry ghost (D:8)
  3 orc warriors
  An ice beast (D:8)
  4 slaves (D:8)
  3 sky beasts
  2 black bears
  5 ogres
  A phantom (D:3)
  2 centaurs
  A big kobold (D:9)
  3 bullfrogs
  4 scorpions
  5 howler monkeys
  7 wights (D:8)
  4 crimson imps
  7 jellies
  A bullfrog zombie (D:7)
  A centaur zombie (D:9)
  6 orc wizards
  A bullfrog skeleton (D:7)
  5 orc priests
  2 hounds (D:6)
  Jessica (D:3)
  A centaur skeleton (D:7)
  Ijyb (D:5)
  2 iguanas
  9 worker ants
  A hound zombie (D:7)
  Robin (D:3)
  A howler monkey skeleton (D:10)
  4 gnolls (D:4)
  9 adders
  A shadow imp (D:9)
  5 oozes (D:9)
  2 adder skeletons
  A worm (D:4)
  4 dart slugs
  5 leopard geckos
  40 orcs
  3 ball pythons
  6 bats
  6 giant cockroaches
  14 goblins
  8 hobgoblins
  20 jackals
  16 kobolds
  4 quokkas
  5 frilled lizards
  A jackal skeleton (D:4)
  10 rats
255 creatures vanquished.

Notes
Turn   | Place    | Note
-------+----------+-------------------------------------------
     0 | D:1      | Hafrunt the Draconian Venom Mage began the quest for the Orb.
     0 | D:1      | Reached XP level 1. HP: 14/14 MP: 3/3
   121 | D:1      | Reached XP level 2. HP: 14/20 MP: 0/5
   516 | D:1      | Reached XP level 3. HP: 26/26 MP: 4/6
   520 | D:1      | Learned a level 2 spell: Poisonous Vapours
   524 | D:1      | Learned a level 3 spell: Mephitic Cloud
   904 | D:2      | Reached skill level 4 in Poison Magic
  1222 | D:2      | Found a faded altar of an unknown god.
  1231 | D:2      | Reached XP level 4. HP: 32/33 MP: 0/7
  1866 | D:3      | Reached XP level 5. HP: 29/38 MP: 5/9
  2233 | D:3      | Noticed Robin
  2264 | D:3      | Learned a level 4 spell: Olgreb's Toxic Radiance
  2445 | D:3      | Killed Robin
  2584 | D:3      | Reached skill level 5 in Poison Magic
  2813 | D:3      | Noticed Jessica
  2818 | D:3      | Killed Jessica
  3074 | D:3      | Reached XP level 6. HP: 33/45 MP: 7/11
  3094 | D:3      | HP: 2/45 [orc wizard/dagger (2)]
  3782 | D:3      | Reached skill level 1 in Fighting
  4049 | D:4      | Your scales start taking on a golden yellow colour.
  4049 | D:4      | Reached XP level 7. HP: 52/52 MP: 0/12
  4199 | D:4      | Reached skill level 6 in Poison Magic
  5193 | D:5      | Entered Level 5 of the Dungeon
  5314 | D:5      | Found a staircase to the Ecumenical Temple.
  5330 | Temple   | Entered the Ecumenical Temple
  5674 | Temple   | Became a worshipper of Vehumet
  5771 | D:5      | Found a snail-covered altar of Cheibriados.
  5991 | D:5      | Reached skill level 7 in Poison Magic
  5991 | D:5      | Reached XP level 8. HP: 54/63 MP: 2/14
  6462 | D:5      | Noticed Ijyb
  6471 | D:5      | Killed Ijyb
  7193 | D:6      | Reached skill level 1 in Evocations
  7269 | D:6      | Reached * piety under Vehumet
  7269 | D:6      | Offered knowledge of Sandblast by Vehumet.
  7942 | D:7      | Reached skill level 5 in Spellcasting
  7942 | D:7      | Reached skill level 5 in Conjurations
  8292 | D:7      | Reached XP level 9. HP: 71/71 MP: 9/16
  8295 | D:7      | Reached skill level 1 in Staves
  8298 | D:7      | Offered knowledge of Shock by Vehumet.
  8311 | D:7      | Learned a level 1 spell: Shock
  8317 | D:7      | Reached ** piety under Vehumet
  9117 | D:8      | Reached skill level 1 in Air Magic
  9333 | D:8      | Noticed InnerFear's ghost (novice HuFi)
  9381 | D:8      | Noticed Pikel
  9416 | D:8      | Killed Pikel
  9416 | D:8      | Reached skill level 5 in Fighting
  9416 | D:8      | Reached skill level 8 in Poison Magic
 10381 | D:8      | Learned a level 1 spell: Sting
 10409 | D:9      | Offered knowledge of Static Discharge by Vehumet.
 10414 | D:9      | Learned a level 3 spell: Static Discharge
 10626 | D:9      | Reached XP level 10. HP: 62/81 MP: 7/18
 10841 | D:9      | Reached *** piety under Vehumet
 11528 | D:9      | Found a staircase to the Lair.
 11618 | D:9      | Noticed Erolcha
 11635 | D:9      | Killed Erolcha
 11836 | D:9      | Offered knowledge of Inner Flame by Vehumet.
 11966 | D:9      | Learned a level 5 spell: Venom Bolt
 12234 | D:10     | Entered Level 10 of the Dungeon
 12276 | D:10     | Got a twisted broad axe
 12277 | D:10     | Identified the cursed +1 broad axe of Wyrd {drain, +Blink Str+4} (You found it on level 10 of the Dungeon)
 12304 | D:10     | Noticed a two-headed ogre
 12326 | D:10     | Killed a two-headed ogre
 12333 | D:10     | HP: 1/83 [ice beast (12)]
 12334 | D:10     | Mangled by an ice beast

Vault maps used:
D:1:      mushboom_english_gardens, minmay_strange_pillars, minmay_box_of_dots
D:2:      serial_forest, infiniplex_forest_zigzag_1,
          infiniplex_forest_clump_long, infiniplex_forest_straight_2,
          infiniplex_forest_clump_medium, infiniplex_forest_lined_room_3,
          infiniplex_forest_end_1, infiniplex_forest_corner_2,
          infiniplex_forest_lined_2, infiniplex_forest_fountain,
          infiniplex_forest_straight_3, chequers_ecumenical_altar_simple
D:3:      uniq_jessica, uniq_robin
D:4:      first_bread
D:5:      kennysheep_mini, minmay_temple_entry_overgrown, uniq_ijyb
D:8:      enter_bailey_2, uniq_pikel
D:9:      dpeg_oklobed_lair, hangedman_little_slice_of_home,
          kennysheep_generic_room_7, uniq_erolcha
Temple:   compressed_dpeg_triangle_lava_temple

Skill      XL: |  1  2  3  4  5  6  7  8  9 10 |
---------------+-------------------------------+-----
Conjurations   | 2 3 4 5 6 |  6.6
Poison Magic   | 4 5 7 8 |  8.7
Spellcasting   | 3 4 5 6 |  6.3
Fighting       | 1 3 4 5 6 |  6.2
Dodging        | 2 3 4 |  4.5
Evocations     | 2 3 4 |  4.5
Staves         | 2 3 |  3.5
Air Magic      | 2 3 |  3.8
Stealth        | |  1.7

Action                   |  1- 3 |  4- 6 |  7- 9 | 10-12 || total
-------------------------+-------+-------+-------+-------++-------
Melee: Whip              |    68 |    65 |    46 |       ||   179
       Tailslap          |     9 |     3 |    17 |     3 ||    32
       Quarterstaff      |       |       |    86 |    14 ||   100
       Staff             |       |       |       |    10 ||    10
       Hand crossbow     |       |       |       |     1 ||     1
 Fire: Hunting sling     |       |   114 |    45 |       ||   159
       Hand crossbow     |       |       |    42 |    10 ||    52
 Cast: Sting             |    56 |    97 |   189 |    69 ||   411
       Poisonous Vapours |       |     9 |    19 |     4 ||    32
       Mephitic Cloud    |       |     3 |     7 |     1 ||    11
       Olgreb's Toxic Ra |       |     1 |     8 |     5 ||    14
       Shock             |       |       |    66 |    43 ||   109
 Abil: Breathe Acid      |       |       |     5 |     2 ||     7
Evoke: Wand              |       |       |     4 |       ||     4
  Use: Scroll            |       |    11 |     9 |     1 ||    21
       Potion            |       |     1 |       |     1 ||     2
 Stab: Paralysed         |       |       |    14 |       ||    14
       Confused          |       |       |       |     2 ||     2
  Eat: Chunk             |     2 |     9 |    13 |     5 ||    29
       Fruit             |       |       |     4 |       ||     4
       Bread ration      |       |       |     1 |       ||     1
       Royal jelly       |       |       |     2 |       ||     2
       Meat ration       |       |       |     1 |       ||     1
Armor: Skin              |    25 |    32 |    74 |    33 ||   164
Dodge: Dodged            |    54 |    84 |   169 |    76 ||   383

Table legend:
 A = Spawn XP
 B = Non-spawn XP
 C = Spawn XP percentage of total XP
 D = Spawn monster count
 E = Non-spawn monster count
 F = Spawn count percentage of total count
 G = Total turns spent on level
                    A         B        C        D         E        F      G
               +---------+---------+-------+---------+---------+-------+---------
         Total |       0 |    8970 |   0.0 |       0 |     251 |   0.0 | 12334
               +---------+---------+-------+---------+---------+-------+---------
           D:1 |       0 |      42 |   0.0 |       0 |      22 |   0.0 |   680
           D:2 |       0 |     104 |   0.0 |       0 |      26 |   0.0 |  1138
           D:3 |       0 |     446 |   0.0 |       0 |      56 |   0.0 |  1944
           D:4 |       0 |     545 |   0.0 |       0 |      25 |   0.0 |  1512
           D:5 |       0 |     630 |   0.0 |       0 |      16 |   0.0 |  1448
           D:6 |       0 |     441 |   0.0 |       0 |      10 |   0.0 |   852
           D:7 |       0 |    1101 |   0.0 |       0 |      30 |   0.0 |  1206
           D:8 |       0 |    1930 |   0.0 |       0 |      16 |   0.0 |  1256
           D:9 |       0 |    2690 |   0.0 |       0 |      44 |   0.0 |  1846
          D:10 |       0 |    1041 |   0.0 |       0 |       6 |   0.0 |   100
               +---------+---------+-------+---------+---------+-------+---------
